 Dungeon Crawl Stone Soup version 0.30-a0-358-g0d69a1922f (webtiles) character file.

Game seed: 851733640787060990

6577 porpoise the Carver (level 10, -7/72 HPs)
             Began as a Demonspawn Monk on Nov 9, 2022.
             Was a Believer of Hepliaklqana.
             Mangled by a gnoll sergeant
             ... wielding a +5 spear of venom
              (12 damage)
             ... on level 9 of the Dungeon.
             The game lasted 00:42:48 (8484 turns).

porpoise the Carver (Demonspawn Monk)               Turns: 8484, Time: 00:42:49

Health: -7/72      AC: 12    Str: 18    XL:     10   Next: 71%
Magic:  15/15      EV: 28    Int: 11    God:    Hepliaklqana [**....]
Gold:   690        SH:  6    Dex: 20    Spells: 9/9 levels left

rFire   . . .      SeeInvis .    a - +0 long sword
rCold   + . .      Faith    .    T - +2 buckler
rNeg    . . .      Spirit   .    p - +1 ring mail {rC+}
rPois   .          Reflect  .    u - +0 helmet
rElec   .          Harm     .    G - +0 cloak
rCorr   .          Rampage  .    (no gloves)
Will    +....                    l - +2 pair of boots {Stlth+}
Stlth   +++.......               n - amulet of the acrobat
HPRegen 2.32/turn                m - ring of willpower
MPRegen 0.28/turn                K - +6 ring of strength

@: lethally poisoned (-7 -> -8), acrobatic
A: reduced essence, powered by death 1, magic regeneration, demonic touch 2
a: Renounce Religion, Recall Ancestor, Ancestor Identity


You were on level 9 of the Dungeon.
You worshipped Hepliaklqana.
Hepliaklqana was pleased with you.
You visited 2 branches of the dungeon, and saw 10 of its levels.
You also visited: Sewer.

You collected 824 gold pieces.
You spent 134 gold pieces at shops.

Inventory:

Hand Weapons
 a - a +0 long sword (weapon)
 b - a +0 vorpal sling
 w - a +1 dagger of draining
 D - the +2 shortbow "Ceequhe" {freeze, rC++ rN+ MP-9 Int+2}
   (You took it off a hobgoblin on level 4 of the Dungeon)

   Any ammunition fired from it freezes those it strikes, dealing additional
   cold damage.
   It can also slow down cold-blooded creatures.
   Int:       It affects your intelligence (+2).
   rC:        It greatly protects you from cold.
   rN:        It protects you from negative energy.
   MP:        It affects your magic capacity (-9).
 N - a +5 short sword of draining
 O - the +10 whip "Inuq" {vorpal, rF+}
   (You found it on level 3 of the Dungeon)

   It inflicts extra damage upon your enemies.
   rF:        It protects you from fire.
Missiles
 i - 7 boomerangs
 k - 38 poisoned darts (quivered)
 s - 2 throwing nets
 B - 6 javelins
Armour
 l - a +2 pair of boots of stealth (worn)
 p - a +1 ring mail of cold resistance (worn)
 u - a +0 helmet (worn)
 G - a +0 cloak (worn)
 S - the +1 leather armour of a Gauntlet {rPois Will- MP+9 SInv}
   (You found it on level 8 of the Dungeon)

   rPois:     It protects you from poison.
   MP:        It affects your magic capacity (+9).
   SInv:      It lets you see invisible.
   Will:      It decreases your willpower.
 T - a +2 buckler (worn)
Magical Staves
 y - a staff of fire
 Q - a staff of air
Jewellery
 m - a ring of willpower (left hand)
 n - an amulet of the acrobat (around neck)
 C - an amulet of guardian spirit
 K - a +6 ring of strength (right hand)
Wands
 H - a wand of charming (8)
 I - a wand of mindburst (9)
Scrolls
 e - 3 scrolls of magic mapping
 f - 2 scrolls of teleportation
 j - a scroll of poison {unknown}
 o - 2 scrolls of enchant armour
 q - 2 scrolls of identify
 z - a scroll of immolation
 F - a scroll of fog
 L - a scroll of noise
Potions
 c - a potion of ambrosia
 d - 11 potions of curing
 g - 2 potions of brilliance
 h - 4 potions of might
 r - a potion of lignification
 t - 5 potions of flight
 v - a potion of heal wounds
 A - 2 potions of mutation
 E - a potion of magic
 J - 2 potions of haste
 R - a potion of invisibility


   Skills:
 + Level 8.2 Fighting
 + Level 10.9 Long Blades
 - Level 5.0 Armour
 + Level 4.6 Dodging
 - Level 1.7 Stealth
 - Level 7.3 Invocations


You had 9 spell levels left.
You didn't know any spells.
Your spell library contained the following spells:

 Spells                   Type           Power      Damage    Failure   Level
 Cigotuvi's Dreadful Rot  Necr/Pois/Air  0%         N/A       77%         2
 Poisonous Vapours        Pois/Air       0%         N/A       77%         2
 Gell's Gravitas          Tloc           0%         N/A       94%         3
 Lesser Beckoning         Tloc           0%         N/A       94%         3
 Mephitic Cloud           Conj/Pois/Air  0%         N/A       94%         3
 Teleport Other           Tloc           0%         N/A       94%         3
 Anguish                  Hex/Necr       0%         N/A       100%        4
 Iskenderun's Battlesphe  Conj           0%         2d6       100%        5
 Iron Shot                Conj/Erth      0%         9d1       100%        6
 Enfeeble                 Hex            0%         N/A       100%        7
 Spellforged Servitor     Conj/Summ      0%         N/A       100%        7


Dungeon Overview and Level Annotations

Branches:
Dungeon (9/15)             Temple (1/1) D:6           Sewer (visited)
   Lair: D:8-11         Orc: D:9-12

Altars:
Ashenzari
Cheibriados
Dithmenos
Fedhas
Gozag
Hepliaklqana
Kikubaaqudgha
Makhleb
Nemelex Xobeh
Okawaru
Qazlal
Ru
Sif Muna
Trog
Uskayaw
Vehumet
Wu Jian
Xom

Shops:
D:4 *(!!(

Annotations:
D:9 2 runed translucent doors, FizzleBag's ghost, novice MiFi


Innate Abilities, Weirdness & Mutations

Your life essence is reduced to manifest your ancestor. (-10% HP)
You regenerate a little health from kills.
You regenerate magic rapidly.
Your touch may inflict irresistible damage on your foes.


Message History

Niki barely misses something.
Magic scrolls do not work when you're silenced!
Unknown command.
Unknown command.
You feel much better.
You are engulfed in a cloud of scalding steam.
Your hearing returns.
You feel very sick.
Niki hits something with a +0 dagger of draining.
The orc warrior hits you but does no damage.
You block something's attack. The orc hits you but does no damage.
You are more poisoned.
The steam dragon bites you but does no damage.
You block the steam dragon's attack. You block the gnoll sergeant's attack.
Niki completely misses something.
The orc attacks as you move away!
The orc hits you with a +1 flail of venom.
* * * LOW HITPOINT WARNING * * *
You feel very sick.
Niki hits something with a +0 dagger of draining.
The orc is engulfed in a cloud of scalding steam.
The orc dies!
The orc warrior completely misses you. The steam dragon misses you.
You block the steam dragon's attack.
You slash the steam dragon!
The steam dragon is almost dead.
You feel very sick. You block the orc warrior's attack.
The steam dragon breathes steam at you. The ball of steam hits you!
* * * LOW HITPOINT WARNING * * *
You hear a shout!
You hear an angry hiss.
You feel very sick.
Niki hits the steam dragon but does no damage.
Niki drains the steam dragon.
Niki casts a spell at the steam dragon.
The steam dragon appears confused.
An orc comes into view. It is wielding a +0 club.
The gnoll sergeant hits you from afar with a +5 spear of venom!
You die...

.... #... .......
#.... .......
#.... ....... #
#§§o. .......
.~###..o##
.......
#≈≈#..§§.##z...#
.⌠~#....§.go...#
..W+....@DR.##...
#.+...<..§.#
..~#...#.§§.#
.$~#...###†....#
##~#... ...!..# #
###. ......# ..
...##.... .. ....
..... .......
.....


You could see the friendly Niki the hexer, a steam dragon (confused, drained,
ally target), an orc warrior, a gnoll sergeant, a wight, an orc wizard,
FizzleBag's ghost and an orc.

Vanquished Creatures
  A deep elf pyromancer (D:7)
  Grinder (D:4)
  3 yaks (D:8)
  2 steam dragons
  Menkaure (D:4)
  A water moccasin (D:8)
  2 orc warriors (D:8)
  3 ice beasts
  4 black bears
  A sky beast (D:7)
  3 ogres
  2 centaurs (D:7)
  A phantom (D:6)
  3 bullfrogs (D:8)
  2 kobold brigands
  2 gnoll sergeants (D:8)
  2 scorpions
  4 wights
  10 killer bees
  A howler monkey (D:6)
  4 jellies
  8 hounds
  5 orc priests
  2 gnoll boudas
  11 iguanas
  3 orc wizards
  13 gnolls
  12 adders
  5 river rats
  4 shadow imps
  4 white imps
  3 dart slugs
  41 orcs
  3 bats
  7 endoplasms
  3 giant cockroaches
  5 goblins
  6 hobgoblins
  8 jackals
  17 kobolds
  5 quokkas
  10 ball pythons
  5 frilled lizards
  8 rats
241 creatures vanquished.

Vanquished Creatures (collateral kills)
  A wyvern (D:9)
  3 orc warriors
  2 bullfrogs
  7 killer bees
  An iguana (D:6)
  2 orc wizards
  A gnoll (D:8)
  An adder (D:6)
  2 shadow imps
  An ufetubus (D:7)
  6 orcs (D:8)
27 creatures vanquished.

Vanquished Creatures (others)
  An orc (D:9)
  2 plants (D:7)
3 creatures vanquished.

Grand Total: 271 creatures vanquished

Notes
Turn   | Place    | Note
-------+----------+-------------------------------------------
     0 | D:1      | porpoise the Demonspawn Monk began the quest for the Orb.
     0 | D:1      | Reached XP level 1. HP: 18/18 MP: 1/1
    16 | D:1      | Found a faded altar of an unknown god.
   132 | D:1      | Reached skill level 3 in Long Blades
   186 | D:1      | Gained mutation: You regenerate a little health from kills.
                  | [demonic ancestry]
   186 | D:1      | Reached XP level 2. HP: 24/24 MP: 2/2
   902 | D:1      | Reached XP level 3. HP: 24/29 MP: 3/3
  1993 | D:3      | Reached skill level 4 in Long Blades
  2145 | D:3      | Gained mutation: You regenerate magic rapidly. [demonic
                  | ancestry]
  2145 | D:3      | Reached XP level 4. HP: 32/37 MP: 4/4
  2187 | D:3      | Identified the +10 whip "Inuq" {vorpal, rF+}
  2594 | D:4      | Gained mutation: Your touch may inflict minor irresistible
                  | damage on your foes. [demonic ancestry]
  2594 | D:4      | Reached XP level 5. HP: 11/42 MP: 0/5
  2701 | D:4      | Identified the +2 shortbow "Ceequhe" {freeze, rC++ rN+ MP-9
                  | Int+2}
  2715 | D:4      | Noticed Grinder
  2717 | D:4      | Paralysed by Grinder for 3 turns
  2718 | D:4      | Reached skill level 5 in Long Blades
  2727 | D:4      | Killed Grinder
  2728 | D:4      | Reached XP level 6. HP: 24/50 MP: 6/6
  2859 | D:4      | Reached skill level 5 in Fighting
  2859 | D:4      | Reached skill level 6 in Long Blades
  2925 | D:4      | Found Kulyhuoch's Assorted Antiques.
  2939 | D:4      | Reached XP level 7. HP: 56/56 MP: 7/7
  2946 | D:4      | Bought a scroll labelled LIFATY HOIM for 28 gold pieces
  2946 | D:4      | Bought a scroll labelled LIFATY HOIM for 28 gold pieces
  2946 | D:4      | Bought a viscous coppery potion for 25 gold pieces
  2946 | D:4      | Bought a scroll labelled PIMUUBB ETOMP for 28 gold pieces
  2946 | D:4      | Bought a glowing puce potion for 25 gold pieces
  3212 | D:4      | Found a glowing drain.
  3216 | Sewer    | Entered a sewer
  3576 | D:4      | Noticed Menkaure
  3580 | D:4      | Killed Menkaure
  3581 | D:4      | Reached skill level 7 in Long Blades
  3716 | D:4      | Found Ankyrphan's Weapon Shoppe.
  3717 | D:4      | Found Boxkuem's Distillery.
  3718 | D:4      | Found Vecofykk's Distillery.
  3735 | D:4      | Found Suac's Antique Weapon Shoppe.
  4014 | D:5      | Entered Level 5 of the Dungeon
  4397 | D:5      | Found a hide-covered altar of Uskayaw.
  4425 | D:5      | Reached XP level 8. HP: 62/64 MP: 8/8
  4883 | D:5      | Found a broken altar of Ashenzari.
  4921 | D:6      | Found a sparkling altar of Nemelex Xobeh.
  4931 | D:6      | Found a shadowy altar of Dithmenos.
  4931 | D:6      | Found a bloodstained altar of Trog.
  4942 | D:6      | Found a radiant altar of Vehumet.
  4944 | D:6      | Found an ornate altar of the Wu Jian Council.
  5045 | D:6      | Found a sacrificial altar of Ru.
  5090 | D:6      | Reached skill level 8 in Long Blades
  5268 | D:6      | Found a staircase to the Ecumenical Temple.
  5282 | Temple   | Entered the Ecumenical Temple
  5318 | Temple   | Became a worshipper of Hepliaklqana the Forgotten
  5318 | Temple   | Reached * piety under Hepliaklqana
  5318 | Temple   | Reached ** piety under Hepliaklqana
  5319 | Temple   | Remembered your ancestor Niki as a hexer
  6069 | D:6      | Reached skill level 1 in Invocations
  6356 | D:6      | Reached skill level 9 in Long Blades
  6356 | D:6      | Reached skill level 1 in Armour
  6369 | D:6      | Gained mutation: Your touch may inflict irresistible damage
                  | on your foes. [demonic ancestry]
  6369 | D:6      | Reached XP level 9. HP: 64/64 MP: 9/11
  6764 | D:7      | Reached skill level 5 in Invocations
  7043 | D:7      | Found an ancient bone altar of Kikubaaqudgha.
  7114 | D:7      | Found a snail-covered altar of Cheibriados.
  7246 | D:7      | Noticed a deep elf pyromancer
  7252 | D:7      | Killed a deep elf pyromancer
  7253 | D:7      | Reached skill level 10 in Long Blades
  7253 | D:7      | Reached XP level 10. HP: 68/71 MP: 13/15
  7347 | D:8      | Reached skill level 5 in Armour
  7616 | D:8      | Identified the +1 leather armour of a Gauntlet {rPois Will-
                  | MP+9 SInv}
  7821 | D:8      | Found an iron altar of Okawaru.
  8436 | D:9      | Found a large runed translucent door.
  8436 | D:9      | Found a large runed translucent door.
  8456 | D:9      | Noticed FizzleBag's ghost (novice MiFi)
  8484 | D:9      | Mangled by a gnoll sergeant

Illustrated notes

Levels and vault maps discovered:
D:1:      lemuel_arrival_rhombus, layout_basic,
          chequers_ecumenical_altar_simple_redux, minmay_cut_off
D:2:      layout_loops_ring
D:3:      layout_loops_cross, minmay_misc_feat_columns
D:4:      kennysheep_big_flooded_room, layout_basic, gup_sewer_entry_spiral,
          serial_shops, nicolae_stop_n_shop_1, serial_co_window_serial,
          co_window_corner_a, co_window_paths_a, co_window_paths_b,
          co_window_paths_a, co_window_paths_b, co_window_unsneaky_path_c,
          co_window_unsneaky_path_e, glass_columns_a, minmay_shop_grid_forest,
          hangedman_decor_clover_reticule, uniq_grinder, uniq_menkaure
D:5:      layout_rooms, nicolae_overflow_hidden_temple,
          mainiacjoe_overflow_alcove_2, grunt_decor_cap
D:6:      minmay_polygon_palace, layout_basic,
          mainiacjoe_overflow_surrounded_room, minitemple,
          minmay_temple_entry_stoned_glass
D:7:      cheibrodos_barr_body, layout_gridville, kennysheep_mini,
          mainiacjoe_overflow_boulevard, grunt_ministairs_5
D:8:      layout_loops_ring, overflow_temple_1_default, special_room
          [special_room_orc]
D:9:      nzn_winding_woodlands_medium [nzn_winding_woodlands_5x5_checkerboard,
          nzn_winding_woodlands_5x15_garden,
          nzn_winding_woodlands_5x5_closed_star,
          nzn_winding_woodlands_5x5_cross, nzn_winding_woodlands_center_lodge,
          nzn_winding_woodlands_5x5_default, nzn_winding_woodlands_5x5_three,
          nzn_winding_woodlands_5x15_river_crossing,
          nzn_winding_woodlands_5x5_open_star], layout_cave_pools,
          yredelemnul_altar_generic, ebering_ghost_disaster_area,
          grunt_decor_resistance, minivault_25_ag, nicolae_diode_quadrants
Temple:   nicolae_temple_ecumenical_triangle

Skill      XL: |  1  2  3  4  5  6  7  8  9 10 |
---------------+-------------------------------+-----
Long Blades    | 3 4 5 6 7 9 10 | 10.9
Fighting       | 4 5 6 7 8 |  8.2
Invocations    | 2 6 7 |  7.3
Armour         | 1 4 5 |  5.0
Dodging        | 4 |  4.6
Stealth        | |  1.7

Action                   |  1- 3 |  4- 6 |  7- 9 | 10-12 || total
-------------------------+-------+-------+-------+-------++-------
Melee: Falchion          |   130 |       |       |       ||   130
       Whip              |       |    47 |   249 |    83 ||   379
       Touch             |       |     2 |    43 |    14 ||    59
       Punch             |       |       |     2 |     1 ||     3
       Long sword        |       |       |       |   106 ||   106
Throw: Dart              |       |       |    15 |     7 ||    22
Invok: Recall Ancestor   |       |       |     1 |       ||     1
       Ancestor Life: He |       |       |     1 |       ||     1
       Ancestor Identity |       |       |     1 |       ||     1
  Use: Potion            |       |     1 |     1 |     2 ||     4
       Scroll            |       |       |     9 |     7 ||    16
 Stab: Sleeping          |     4 |     4 |     9 |     1 ||    18
       Confused          |       |       |     2 |     5 ||     7
       Distracted        |       |       |       |     1 ||     1
Armor: Robe              |     7 |       |       |       ||     7
       Ring mail         |    22 |    21 |    93 |    59 ||   195
Dodge: Dodged            |    72 |    35 |   128 |   107 ||   342
Block: Buckler           |       |       |       |    31 ||    31

Table legend: (Time is in decaauts)
 A = Elapsed time spent in this place.
 B = Non-inter-level travel time spent in this place.
 C = Inter-level travel time spent in this place.
 D = Time resting spent in this place.
 E = Time spent auto-exploring this place.
 F = Levels seen in this place.
 G = Mean time per level.
                   A        B        C        D        E       F      G
               +--------+--------+--------+--------+--------+-----+--------+
         Total |   8587 |   8152 |    435 |   1449 |   4182 |  11 |  780.6 |
       Dungeon |   8222 |   7787 |    435 |   1349 |   4134 |   9 |  913.6 |
        Temple |     65 |     65 |      0 |      0 |     18 |   1 |   65.0 |
         Sewer |    299 |    299 |      0 |    100 |     29 |   1 |  299.0 |
               +--------+--------+--------+--------+--------+-----+--------+

Top non-repeatable levels by time:
     D:6: 1570 daAuts
     D:4: 1210 daAuts
     D:8: 1091 daAuts
     D:1: 1010 daAuts
     D:3: 986 daAuts
     D:5: 952 daAuts
     D:7: 758 daAuts
     D:2: 596 daAuts
   Sewer: 299 daAuts
  Temple: 65 daAuts
     D:9: 45 daAuts
